 Dungeon Crawl Stone Soup version 0.23.2-30-g0e89c35649 (webtiles) character file.

Game seed: 9330672162694433357

492 senseless the Skirmisher (level 6, -2/57 HPs)
             Began as a Minotaur Fighter on June 17, 2019.
             Was an Initiate of Okawaru.
             Killed by divine providence
             ... invoked by an orc priest
              (13 damage)
             ... on level 4 of the Dungeon.
             The game lasted 00:07:34 (2863 turns).

senseless the Skirmisher (Minotaur Fighter)         Turns: 2863, Time: 00:07:35

Health: -2/57      AC:  8    Str: 23    XL:     6   Next: 91%
Magic:  5/5        EV:  8    Int:  5    God:    Okawaru [......]
Gold:   138        SH: 10    Dex:  9    Spells: 5/5 levels left

rFire    . . .     SeeInvis .   a - +0 flail
rCold    . . .     Gourm    .   c - +0 shield
rNeg     + . .     Faith    .   b - +0 scale mail
rPois    .         Spirit   .   (helmet restricted)
rElec    .         Reflect  .   (no cloak)
rCorr    .         Harm     .   (no gloves)
MR       .....                  j - +0 pair of boots
Stlth    ..........             (no amulet)
HPRegen  0.19/turn              g - ring of positive energy
MPRegen  0.09/turn              m - ring of wizardry

@: no status effects
A: retaliatory headbutt, horns 2
a: Renounce Religion


You were on level 4 of the Dungeon.
You worshipped Okawaru.
Okawaru was noncommittal.
You were not hungry.

You visited 2 branches of the dungeon, and saw 5 of its levels.

You collected 138 gold pieces.

Inventory:

Hand Weapons
 a - a +0 flail (weapon)
Armour
 b - a +0 scale mail (worn)
 c - a +0 shield (worn)
 j - a +0 pair of boots (worn)
Jewellery
 g - a ring of positive energy (left hand)
 m - a ring of wizardry (right hand)
Scrolls
 i - 5 scrolls of remove curse
 p - a scroll of enchant weapon {unknown}
 q - a scroll of teleportation {unknown}
 r - a scroll of identify
Potions
 d - a potion of might
 e - a potion of resistance {unknown}
 h - a potion of heal wounds
 l - 2 potions of curing
 n - a potion of cancellation
 o - a potion of lignification {unknown}
Comestibles
 f - 4 rations
 k - a chunk of flesh


   Skills:
 + Level 5.7 Fighting
 + Level 4.9 Maces & Flails
 + Level 5.6 Armour
 + Level 5.7 Shields


You had 5 spell levels left.
You didn't know any spells.
Your spell library was empty.

Dungeon Overview and Level Annotations

Branches:
Dungeon (4/15)             Temple (1/1) D:4

Altars:
Ashenzari
Cheibriados
Gozag
Kikubaaqudgha
Makhleb
Okawaru
Ru
Sif Muna
Wu Jian
Xom
Yredelemnul


Innate Abilities, Weirdness & Mutations

You reflexively headbutt those who attack you in melee.
You have a pair of horns on your head.


Message History

You are too injured to fight recklessly!
You thump the orc priest!
The orc priest is heavily wounded.
The orc priest looks satisfied for a moment.
You sock the adder!
The adder is severely wounded.
You block the adder's attack. You block the orc priest's attack.
The adder barely misses you.
You hit the orc priest.
The orc priest is almost dead.
The orc priest invokes the aid of Beogh against you.
You barely resist. The adder barely misses you. You furiously retaliate!
You headbutt the adder, but do no damage.
The orc priest calls down the wrath of Beogh upon you.
Beogh smites you!
* * * LOW HITPOINT WARNING * * *
The orc priest casts a cantrip, but nothing happens.
The orc priest invokes the aid of Beogh against you.
Beogh smites you!
You die...

##.##.##
#.#.# ##.#..#
#.#.# .....##
#.#.####
##.##
#......# #.#
###.##.# #.#
#.##.## #.#
#.#...####.
#.#
#..........
##.#
###@o.####
##.### ##S##
.....########


oo. ##........... o.... ####.######## ....... #.# ....... ##.## .......
###...### ....... ........##### You could see 3 orc priests, an orc wizard and
an adder.

Vanquished Creatures
  An ogre (D:4)
  2 howler monkeys
  2 orc priests (D:3)
  2 orc wizards (D:4)
  Terence (D:2)
  A worker ant (D:4)
  5 adders
  3 oozes
  4 worms
  A dart slug (D:1)
  3 leopard geckos
  11 orcs
  6 bats
  A giant cockroach (D:3)
  11 goblins
  6 hobgoblins
  7 jackals
  A quokka (D:3)
  9 frilled lizards
  5 kobolds
  A quokka skeleton (D:4)
  11 rats
94 creatures vanquished.

Notes
Turn   | Place    | Note
-------+----------+-------------------------------------------
     0 | D:1      | senseless the Minotaur Fighter began the quest for the Orb.
     0 | D:1      | Reached XP level 1. HP: 19/19 MP: 0/0
    36 | D:1      | You fall through a shaft!
   111 | D:2      | Found a shimmering altar of Xom.
   119 | D:2      | Reached XP level 2. HP: 12/27 MP: 1/1
   342 | D:2      | Reached XP level 3. HP: 33/33 MP: 2/2
   378 | D:2      | Noticed Terence
   395 | D:2      | Killed Terence
   700 | D:1      | Reached XP level 4. HP: 41/41 MP: 3/3
  1352 | D:3      | Reached XP level 5. HP: 26/47 MP: 4/4
  2120 | D:3      | Reached skill level 5 in Fighting
  2120 | D:3      | Reached skill level 5 in Shields
  2309 | D:3      | Reached skill level 5 in Armour
  2353 | D:3      | Reached XP level 6. HP: 53/56 MP: 5/5
  2559 | D:4      | Found a staircase to the Ecumenical Temple.
  2571 | Temple   | Entered the Ecumenical Temple
  2772 | Temple   | Became a worshipper of Warmaster Okawaru
  2863 | D:4      | Killed from afar by an orc priest

Skill      XL: |  1  2  3  4  5 |
---------------+----------------+-----
Shields        | 4 5 |  5.7
Fighting       | 4 5 |  5.7
Maces & Flails | 3 4 |  4.9
Armour         | 4 5 |  5.6

Action                   |  1- 3 |  4- 6 || total
-------------------------+-------+-------++-------
Melee: Flail             |    67 |   187 ||   254
       Headbutt          |    10 |    31 ||    41
  Use: Scroll            |       |     6 ||     6
  Eat: Chunk             |       |     7 ||     7
Armor: Scale mail        |    26 |    84 ||   110
Dodge: Dodged            |    23 |    61 ||    84
Block: Shield            |    32 |   105 ||   137
